 Dungeon Crawl Stone Soup version 0.21.1-1-g345015f (webtiles) character file.

309 Goblin1989 the Cutter (level 6, -3/48 HPs)
             Began as a Demonspawn Chaos Knight on Feb 16, 2018.
             Slain by an orc priest
             ... wielding a +0 war axe
              (7 damage)
             ... on level 3 of the Dungeon.
             The game lasted 00:05:41 (2816 turns).

Goblin1989 the Cutter (Demonspawn Chaos Knight)     Turns: 2816, Time: 00:05:41

Health: -3/48      AC:  7    Str: 12    XL:     6   Next: 17%
Magic:  6/6        EV: 11    Int: 18    God:    Xom [.*....]
Gold:   135        SH: 11    Dex: 20    Spells: 5/5 levels left

rFire    . . .     SeeInvis +   a - +0 short sword (chaos)
rCold    . . .     Gourm    +   z - +0 large shield
rNeg     . . .     Faith    .   o - +0 ring mail (curse)
rPois    .         Spirit   .   (no helmet)
rElec    .         Reflect  .   (no cloak)
rCorr    .         Harm     .   t - +0 pair of gloves
MR       .....                  (no boots)
Stlth    +++.......             A - amulet of the gourmand
HPRegen  0.16/turn              (no ring)
MPRegen  0.10/turn              (no ring)

@: brilliant, agile
A: talons 1, rugged brown scales 1, camouflage 1, see invisible, powered by pain
1
a: Renounce Religion


You were on level 3 of the Dungeon.
You worshipped Xom.
You were a plaything of Xom.
You were not hungry.

You visited 1 branch of the dungeon, and saw 3 of its levels.

You collected 135 gold pieces.

Inventory:

Hand Weapons
 a - a +0 short sword of chaos (weapon)
 r - a +1 short sword of protection
Missiles
 w - 3 javelins of penetration (quivered) {god gift}
 Z - a throwing net {!d}
Armour
 b - a +2 leather armour
 k - a +0 scale mail
 o - a cursed +0 ring mail (worn)
 t - a +0 pair of gloves (worn)
 z - a +0 large shield (worn)
Jewellery
 A - an amulet of the gourmand (around neck)
Scrolls
 f - 2 scrolls of identify {unknown}
 g - 2 scrolls of teleportation {unknown}
 i - a scroll of random uselessness {unknown}
 l - 3 scrolls of amnesia {unknown}
 m - a scroll of immolation {unknown}
 p - a scroll of blinking {unknown}
 q - 2 scrolls of enchant armour {unknown}
 x - a scroll of fear {unknown}
 y - a scroll of remove curse {unknown}
Potions
 j - 2 potions of heal wounds {unknown}
 u - 2 potions of lignification {unknown}
Comestibles
 e - 7 rations


   Skills:
 + Level 3.3 Fighting
 * Level 5.6 Short Blades
 + Level 2.2 Armour
 + Level 1.5 Dodging
 + Level 1.0 Shields


You had 5 spell levels left.
You didn't know any spells.

Dungeon Overview and Level Annotations

Branches:
Dungeon (3/15)

Altars:
Xom


Innate Abilities, Weirdness & Mutations

You have sharp toenails.
You are partially covered in rugged brown scales. (AC +1, +3% HP)
You sometimes gain a little power by taking damage.
Your skin changes colour to match your surroundings (Stealth+).
You have supernaturally acute eyesight. (SInv)


Message History

The meliai is lightly wounded.
The meliai changes into a soldier ant!
You hit the soldier ant.
The soldier ant is lightly wounded.
Xom smiles on you.
You feel clever all of a sudden.
You hit the soldier ant but do no damage.
The soldier ant is poisoned.
You claw the soldier ant, but do no damage.
The soldier ant is lightly wounded.
The soldier ant stings you!
You take 9 damage, and have 20/42 hp.
MASSIVE DAMAGE!!
You hit the soldier ant but do no damage.
Your kick misses the soldier ant.
The soldier ant is lightly wounded.
The soldier ant stings you but does no damage.
You hit the soldier ant but do no damage.
The soldier ant suddenly stops moving!
You claw the soldier ant, but do no damage.
The soldier ant is moderately wounded.
The helpless soldier ant fails to defend itself.
You puncture the soldier ant! You freeze the soldier ant.
The soldier ant is almost dead.
The helpless soldier ant fails to defend itself.
You puncture the soldier ant! You freeze the soldier ant.
You kill the soldier ant!
Your Armour skill increases to level 2!
Your Shields skill increases to level 1!
You have reached level 6!
Your experience leads to an increase in your attributes!
Your base attributes are Str 12, Int 13, Dex 14.
Increase (S)trength, (I)ntelligence, or (D)exterity?
You feel agile. You block the giant cockroach's attack.
You regained 3 hp, and now have 23/48 hp.
MP restored: 6 You hit the giant cockroach.
The giant cockroach is poisoned.
The giant cockroach is moderately wounded.
You block the giant cockroach's attack.
You hit the giant cockroach.
You kill the giant cockroach!
You hit the orc. Your kick misses the orc.
The orc is moderately wounded.
You block the orc's attack.
You hit the orc. You freeze the orc.
You kill the orc!
Your shield and ring mail prevent you from hitting the orc priest.
You claw the orc priest, but do no damage.
The orc priest hits you with a war axe.
* * * LOW HITPOINT WARNING * * *
You take 6 damage, and have 18/48 hp.
You hit the orc priest but do no damage.
You claw the orc priest, but do no damage.
The orc priest hits you with a war axe.
* * * LOW HITPOINT WARNING * * *
You take 1 damage, and have 17/48 hp.
You closely miss the orc priest.
You claw the orc priest, but do no damage.
You block the orc priest's attack.
You hit the orc priest but do no damage.
The orc priest is poisoned.
You claw the orc priest.
The orc priest is lightly wounded.
You hit the orc priest.
You feel better.
You claw the orc priest.
The orc priest is heavily wounded.
The orc priest hits you with a war axe.
* * * LOW HITPOINT WARNING * * *
You regained 2 hp, and now have 19/48 hp.
You hit the orc priest but do no damage.
The orc priest goes berserk!
Your kick misses the orc priest.
The orc priest is moderately wounded.
You block the orc priest's attack.
You closely miss the orc priest.
You claw the orc priest, but do no damage.
The orc priest is heavily wounded.
You block the orc priest's attack.
You hit the orc priest but do no damage.
You claw the orc priest.
The orc priest is heavily wounded.
You block the orc priest's attack.
Unknown command.
You closely miss the orc priest. Your kick misses the orc priest.
The orc priest is heavily wounded.
You block the orc priest's attack. The orc priest hits you with a war axe.
* * * LOW HITPOINT WARNING * * *
You take 6 damage, and have 13/48 hp.
Your shield and ring mail prevent you from hitting the orc priest.
The orc priest is heavily wounded.
You block the orc priest's attack.
You hit the orc priest but do no damage.
The orc priest is heavily wounded.
The orc priest looks more healthy.
The orc priest hits you with a war axe!
* * * LOW HITPOINT WARNING * * *
You take 9 damage, and have 4/48 hp.
Unknown command.
You hit the orc priest but do no damage.
The orc priest is poisoned.
You claw the orc priest, but do no damage.
The orc priest is heavily wounded.
The orc priest closely misses you. The orc priest hits you with a war axe!
You die...

█..................█ █.█
█.███████..........█ █.█
█.█ █.......█.....█ █.█
█.█ █.......█.....████.█
█.█ █.......█.██.......█
█.█ █.......∆..∆........
█.█ █.......████......██
██.██████████.████......██
█........@oo.>...∆......▲.
███████████...████......██
█...█ █......██


███)████████████ █........█ █ █.o.....(█ █........█ █........< ██ .........█ █.
You could see an orc priest (berserk) and an orc.

Vanquished Creatures
  A soldier ant (shapeshifter) (D:3)
  A hound (D:3)
  Terence (D:2)
  5 adders
  2 gnolls (D:2)
  An ooze (D:3)
  A worm (D:3)
  3 dart slugs
  4 leopard geckos
  3 orcs (D:3)
  7 bats
  3 giant cockroaches (D:3)
  8 hobgoblins
  8 jackals (D:2)
  A ball python (shapeshifter) (D:1)
  A ball python (D:1)
  2 frilled lizards (D:3)
  6 goblins
  5 kobolds
  9 rats
72 creatures vanquished.

Notes
Turn   | Place    | Note
-------+----------+-------------------------------------------
     0 | D:1      | Goblin1989 the Demonspawn Chaos Knight began the quest for the Orb.
     0 | D:1      | Reached XP level 1. HP: 18/18 MP: 1/1
   197 | D:1      | Reached skill level 3 in Short Blades
   266 | D:1      | Gained mutation: You sometimes gain a little power by taking damage. [demonic ancestry]
   266 | D:1      | Reached XP level 2. HP: 23/24 MP: 2/2
   344 | D:1      | XOM: silly message
   842 | D:2      | Reached XP level 3. HP: 15/29 MP: 3/3
  1142 | D:2      | Noticed Terence
  1151 | D:2      | Killed Terence
  1151 | D:2      | Reached skill level 4 in Short Blades
  1352 | D:2      | Found a faded altar of an unknown god.
  1429 | D:2      | Gained mutation: You are partially covered in rugged brown scales. (AC +1, +3% HP) [demonic ancestry]
  1429 | D:2      | Reached XP level 4. HP: 26/36 MP: 4/4
  1656 | D:2      | XOM: summons friendly crimson imp
  1688 | D:2      | Reached skill level 5 in Short Blades
  1963 | D:2      | XOM: scenery: create altars
  2037 | D:3      | Gained mutation: You have sharp toenails. [demonic ancestry]
  2037 | D:3      | Reached XP level 5. HP: 39/42 MP: 5/5
  2057 | D:3      | XOM: god gift: 3 javelins of penetration {god gift}
  2170 | D:3      | Reached skill level 1 in Dodging
  2237 | D:3      | XOM: 3-stop teleportation journey
  2344 | D:3      | XOM: give mutations
  2344 | D:3      | Gained mutation: Your skin changes colour to match your surroundings (Stealth+). [Xom's grace]
  2344 | D:3      | Gained mutation: You have supernaturally acute eyesight. (SInv) [Xom's grace]
  2647 | D:3      | XOM: god gift: twisted smoking staff {god gift}
  2782 | D:3      | Noticed a fire bat
  2782 | D:3      | an orc wizard changed into a fire bat
  2783 | D:3      | Noticed an ogre
  2783 | D:3      | a fire bat changed into an ogre
  2789 | D:3      | Noticed a meliai
  2789 | D:3      | an ogre changed into a meliai
  2794 | D:3      | Noticed a soldier ant
  2794 | D:3      | a meliai changed into a soldier ant
  2795 | D:3      | XOM: potion effect (brilliance)
  2800 | D:3      | Killed a soldier ant
  2800 | D:3      | Reached skill level 1 in Shields
  2800 | D:3      | Reached XP level 6. HP: 23/48 MP: 6/6
  2816 | D:3      | Slain by an orc priest

Skill      XL: |  1  2  3  4  5 |
---------------+----------------+-----
Short Blades   | 3 4 5 |  5.6
Dodging        | 1 |  1.5
Armour         | 2 |  2.2
Shields        | 1 |  1.0
Fighting       | |  3.3

Action                   |  1- 3 |  4- 6 || total
-------------------------+-------+-------++-------
Melee: Short sword       |   103 |   191 ||   294
       Kick              |       |    40 ||    40
 Stab: Petrifying        |     1 |       ||     1
       Paralysed         |     4 |     2 ||     6
  Eat: Chunk             |     2 |     8 ||    10
Armor: Leather armour    |    15 |       ||    15
       Ring mail         |    15 |    77 ||    92
Dodge: Dodged            |    58 |    89 ||   147
Block: Large shield      |       |    46 ||    46

Vault maps used:
D:1:      dpeg_arrival_simpleton_b
D:2:      chequers_ecumenical_altar_island, uniq_terence
D:3:      first_ration, grunt_ministairs_7, minivault_24
